Workbook

Sheet Inhaltsverzeichnis
A1: Inhaltsverzeichnis
A2: für | B2: Rahmenvertrag über Lieferung, Aufstellung und Inbetriebnahme von Narkose- und Beatmungssystemen
A3: Vergabenummer | B3: 2026_JDS_05
A5: Registerkarten für die Angebotsabgabe nach Aufforderung | B5: Link
A6: Beschreibung Bewertungsverfahren | B6: Bewertungsverfahren
A7: Hauptangebot Los 1 High-End-Intensivbeatmung für Erwachsene mind. 15" Display | B7: Preisblatt Los 1 High-End-Intensivbeatmung für Erwachsene mind. 15" Display
A8: Hauptangebot Los 2 High-End-Intensivbeatmungsgerät Neonatal mind. 15" Display | B8: Preisblatt Los 2 High-End-Intensivbeatmungsgerät Neonatal mind. 15" Display
A9: Hauptangebot Los 3 Anästhesiearbeitsplatz | B9: Preisblatt Los 3 Anästhesiearbeitsplatz
A10: Hauptangebot Los 4 High-End-Transportbeatmungsgeräte | B10: Preisblatt Los 4 High-End-Transportbeatmungsgeräte
A11: Übersicht Lose: Punkte und Angebote sowie Rabatt bei Gesamtvergabe | B11: Übersicht Angebote und Rabatt
A12: weitere Registerkarten | B12: Link
A13: Ablauf Angebotswertung | B13: Ablauf Angebotswertung
A14: Musterbogen für Miniwettbewerb | B14: Bogen für Miniwettbewerb

Sheet Bewertungsverfahren
A1: Zurück zum Inhaltsverzeichnis
A2: Beschreibung Bewertungsverfahren
A3: Alle Lose
A5: Übersicht und Angaben zu Fragetypen und zum Bewertungsverfahren
A7: Allgemeine Informationen zur Ausschreibung: | B7: Farbe
A8: Vom Bieter auszufüllende Felder bzw. Excel-Tabellenblätter sind hellblau hinterlegt. | B8: hellblau
A10: Folgende Fragetypen sind im LV zu beantworten: | B10: Typ
A11: Fragetyp "Mindestanforderung": Entspricht einem Ausschlusskriterium im Sinne einer Mindestanforderung. Mindestanforderungen müssen zwingend erfüllt werden. Mindestanforderung sind Bestandteil der Grundausstattung. Die Nichterfüllung einer als Ausschlusskriterium gekennzeichneten Anforderung führt zwingend zum Ausschluss des Angebots. Im Bewertungsverfahren werden für Mindestanforderung keine Punkte vergeben. | B11: M
A12: Fragetyp "Wertungskriterium": Als Wertungskriterium definierte Anforderungen werden mit Punkten bewertet. Das Bewertungsschema wird beim Wertungskriterium beschrieben. Der Auftragnehmer beschreibt in seinem Angebot, ob und - sofern vom Auftraggeber gefordert - wie er die entsprechende Anforderung erfüllt. Soweit dies vom Auftraggeber nicht anders verlangt wird, ist diese Anforderung dann im Auftragsfall vom Auftragnehmer seiner Beschreibung entsprechend ebenso umzusetzen, wie eine Mindestanforderung. Die Wertungskennzahl können pro Wertungskriterium unterschiedlich sein und sind hinter jedem Wertungskriterium aufgeführt. | B12: W
A13: Fragetyp "Verfügbare Option": Als verfügbare Option definierte Anforderungen entspricht einem Ausschlusskriterium im Sinne einer Mindestanforderung. Verfügbare Option müssen zwingend erfüllt werden. Verfügbare Option sind nicht Bestandteil der Grundausstattung und können optional mit beauftragt werden. Die Nichterfüllung einer als Verfügbare Option gekennzeichneten Anforderung führt zwingend zum Ausschluss des Angebots. Im Bewertungsverfahren werden für verfügbare Option keine Punkte vergeben. | B13: O
A14: Fragetyp "Information": Als Information bezeichnete Kriterien werden nicht mit Punkten bewertet. Falsche und/oder unvollständige Antworten im LV führen zum Ausschluss des Bieters. | B14: I
A16: Folgende Antwortkategorien stehen für Muss-Kriterien und Wertungsfragen zur Auswahl: | B16: Antwort
A17: Antwortkategorie "ja": Mindestanforderung: Wählen Sie diese Antwort, wenn die verlangte Funktionalität vorhanden und unangepasst bereitstellbar ist, sowie im Leistungs- und Lieferumfang und damit im Angebotspreis vollständig enthalten ist. Wertungsfrage: Wählen Sie diese Antwort, wenn die verlangte Funktionalität grundsätzlich angeboten werden kann. Wertungsfragen, die mit ja beantwortet werden, sind im Preisblatt unter Bewertung nicht einzupreisen, sondern lediglich im Portfolio unten den Tabellenblättern "Basissysteme", "Optionen" und "Sonden" aufzuführen. | B17: ja
A18: Antwortkategorie "nein": Wählen Sie diese Antwort, wenn die Funktionalität nicht vorhanden ist, nicht bereitstellbar ist, nicht anbietbar ist oder die gewünschte Vorgehensweise nicht realisiert werden kann. Bei den "Mindestanfordeungen" führt eine Beantwortung mit "nein" zum Ausschluss des Angebots. | B18: nein
A19: Beim Fragetyp Information und vereinzelt auch bei Wertungsfragen besteht die Möglichkeit Freitexte sowie bei letzterem die entsprechenden Punkte einzutragen. Dies ist der Fall, wenn weder "ja" noch "nein" als Auswahl zur Verfügung steht. | B19: Freitext
A21: Punktevergabe für jede "Wertungskriterium | B21: Typ
... A23: Antwort "nein" führt zu null Punkten. | B23: W

Sheet Los 1 Hauptangebot
B1: Zurück zum Inhaltsverzeichnis
B2: Ausschließlich zur Angebotsabgabe nach Aufforderung
B3: Teil III für Los 1 High-End-Intensivbeatmungsgeräte für Erwachsene mind. 15" Display
B4: Hauptangebot Preisblatt
B5: für | C5: =Inhaltsverzeichnis!$B$2 -> Rahmenvertrag über Lieferung, Aufstellung und Inbetriebnahme von Narkose- und Beatmungssystemen
B6: Vergabenummer | C6: =Inhaltsverzeichnis!$B$3 -> 2026_JDS_05
B8: Name des Bieter (bitte befüllen)
B10: Bitte füllen Sie nur die hellblauen Felder aus, ändern Sie weder Formeln, noch Reihenfolgen in der Matrix!
B11: In der folgenden Übersicht tragen Sie bitte Ihren Angebotspreis ein.
B12: System, genauere Beschreibung siehe Kriterienkatalog | C12: Artikelnummer (bitte befüllen) | D12: Angebotenes Fabrikat/Typ (bitte ausfüllen) | E12: geschätzte Menge für 2 Jahre | F12: Höchstmenge für 2 Jahre | G12: Einzelpreis Netto (bitte ausfüllen) | H12: Gesamt- preis Netto (Einzelpreis Netto x geschätzete Menge) | I12: MwSt in % (bitte ausfüllen) | J12: Einzelpreis Brutto | K12: Gesamt- preis Brutto (Einzelpreis Brutto x geschätzete Menge)
B13: High-End-Intensivbeatmungsgeräte für Erwachsene mind. 15" Display - gemäß Leistungsverzeichnis | E13: 40 | F13: 60 | H13: =G13*E13 -> 0 | J13: =(G13*I13)+G13 -> 0 | K13: =J13*E13 -> 0
B14: Nachstehend folgen die optionalen Bedarfspositionen
B15: Sollte Positionen standardmäßig im Grundgerät enthalten sein, bitte bei dem Feld "Angebotenes Fabrikat/Typ" Hinweis "Im Gerät bereits enthalten/inkludiert" vermerken und Preis mit 0,00 Euro beziffern
B16: Positionen mit dem Typ "O" müssen ausgefüllt werden und Positionen mit dem Typ "W" müssen ausgefüllt werden, sofern im LV/LB mit "ja" gekennzeichnet
A17: Positionsnr. Lt. LV/LB | B17: System, genauere Beschreibung siehe Kriterienkatalog | C17: Artikelnummer (bitte befüllen) | D17: Angebotenes Fabrikat/Typ (bitte ausfüllen) | E17: Typ | F17: optionale Bedarfspositionen | G17: Einzelpreis Netto (bitte ausfüllen) | H17: Gesamt- preis Netto (Einzelpreis Netto x optionale Bedarfsposition) | I17: MwSt in % (bitte ausfüllen) | J17: Einzelpreis Brutto | K17: Gesamt- preis Brutto (Einzelpreis Brutto x optionale Bedarfsposition)
A18: 2.5.3 | B18: MMV-vtPC/PS | E18: O | F18: 20 | H18: =G18*F18 -> 0 | J18: =(G18*I18)+G18 -> 0 | K18: =J18*F18 -> 0
A19: 2.5.5 | B19: Druckkontrollierte Beatmung (IMV-PC – mit „freier Durchatembarkeit“) | E19: O | F19: 20 | H19: =G19*F19 -> 0 | J19: =(G19*I19)+G19 -> 0 | K19: =J19*F19 -> 0
A20: 2.6.4 | B20: CSV-ES Spontanatmung mit proportionaler Druckunterstüzung | E20: O | F20: 20 | H20: =G20*F20 -> 0 | J20: =(G20*I20)+G20 -> 0 | K20: =J20*F20 -> 0
A21: 2.12.3 | B21: Displaykabel mit einer Länge von 10m | E21: O | F21: 20 | H21: =G21*F21 -> 0 | J21: =(G21*I21)+G21 -> 0 | K21: =J21*F21 -> 0
A22: 2.12.2 | B22: Option: Es ist alternativ ein mind. 18" großes Bediendisplay verfügbar. (Mehrkosten sind anzugeben) | E22: W | F22: 20 | H22: =G22*F22 -> 0 | J22: =(G22*I22)+G22 -> 0 | K22: =J22*F22 -> 0
A23: 2.2.14 | B23: Option: Logbucheinträge sind von Anwendern über das Krankenhaus-IT-Netzwerk abrufbar und exportierbar. | E23: W | F23: 20 | H23: =G23*F23 -> 0 | J23: =(G23*I23)+G23 -> 0 | K23: =J23*F23 -> 0
A24: 2.2.25 | B24: Opton: Die Gesamthöhe des Fahrgestells des angebotenen Beatmungsgerätes ist individuell an die jeweiligen Einsatzbedingungen anpassbar. Bewertet wird die Möglichkeit der Höhenverstellung des Fahrgestells. | E24: W | F24: 20 | H24: =G24*F24 -> 0 | J24: =(G24*I24)+G24 -> 0 | K24: =J24*F24 -> 0
A25: 2.2.26 | B25: Option: Das Fahrgestell verfügt über einen umlaufenden Handgriff aus Metall der auch als Rangierschutz dient. | E25: W | F25: 20 | H25: =G25*F25 -> 0 | J25: =(G25*I25)+G25 -> 0 | K25: =J25*F25 -> 0
A26: 2.6.5 | B26: Option: Druckbegrenzte, zufällige Variation der Druckunterstützung (atemzugsweise unterschiedlich hohe Druckunterstützungsniveaus) im Beatmungsmodus CSV-PS. Die Höhe der Variation kann jederzeit verändert werden. | E26: W | F26: 20 | H26: =G26*F26 -> 0 | J26: =(G26*I26)+G26 -> 0 | K26: =J26*F26 -> 0
A27: 2.7.10 | B27: Option: Druckunterstützte Beatmung mit garantierter Mindestfrequenz (Backup-Frequenz) für die Patientenkategorie Erwachsene und Pädiatrie sowie für Neonaten | E27: W | F27: 20 | H27: =G27*F27 -> 0 | J27: =(G27*I27)+G27 -> 0 | K27: =J27*F27 -> 0
A28: 2.9.1 | B28: Option: Das Gerät enthält ein wissensbasiertes automatisiertes Entwöhnungsverfahren auf Grundlage eines klinischen Protokolls | E28: W | F28: 20 | H28: =G28*F28 -> 0 | J28: =(G28*I28)+G28 -> 0 | K28: =J28*F28 -> 0
A29: 2.10.1 | B29: Option: Optional grafische Darstellung von Lungeneigenschaften hinsichtlich Lungendehnbarkeit (Compliance) und des Atemwegswiderstands (Resistance). Als Datenbasis dienen die angezeigten Messwerten des Patienten (für alle Patientenkategorien) mit der Möglichkeit die Referenzkennlinie jederzeit neu festzulegen. | E29: W | F29: 20 | H29: =G29*F29 -> 0 | J29: =(G29*I29)+G29 -> 0 | K29: =J29*F29 -> 0
... A35: 2.14.3 | B35: Option: Modulare vollgeschlossene, ausziehbare Schublade am Fahrgestell integrierbar | E35: W | F35: 20 | H35: =G35*F35 -> 0 | J35: =(G35*I35)+G35 -> 0 | K35: =J35*F35 -> 0
B36: Summe Gesamtpreis Netto Optionen (Kriterientyp O und W) | H36: =SUM(H18:H35) -> 0
A37: Positionsnr. Lt. LV/LB | B37: System, genauere Beschreibung siehe Kriterienkatalog | C37: Artikelnummer (bitte befüllen) | D37: Angebotenes Fabrikat/Typ (bitte ausfüllen) | E37: Typ | F37: optionale Bedarfspositionen | G37: Einzelpreis Netto (bitte ausfüllen) | H37: Gesamt- preis Netto (Einzelpreis Netto x optionale Bedarfsposition) | I37: MwSt in % (bitte ausfüllen) | J37: Einzelpreis Brutto | K37: Gesamt- preis Brutto (Einzelpreis Brutto x optionale Bedarfsposition)
A38: 1.9.1 | B38: Service- und Wartungsvertrag für die Geräte (nach Gewährleistungszeitraum: gemäß Leistungsverzeichnis) | E38: O | F38: 1 | H38: =G38*F38 -> 0 | J38: =(G38*I38)+G38 -> 0 | K38: =J38*F38 -> 0
B39: Kosten für zusätzliche Geräteeinweisung lt. MPBetreibV | E39: I | F39: 1 | H39: =G39*F39 -> 0 | J39: =(G39*I39)+G39 -> 0 | K39: =J39*F39 -> 0
B40: Kosten für Technikerschulung für Inhousereparatur | E40: I | F40: 1 | H40: =G40*F40 -> 0 | J40: =(G40*I40)+G40 -> 0 | K40: =J40*F40 -> 0
B41: Kosten für Technikerschulung für gesetzliche Prüfungen | E41: I | F41: 1 | H41: =G41*F41 -> 0 | J41: =(G41*I41)+G41 -> 0 | K41: =J41*F41 -> 0
B42: Summe Gesamtpreis Netto Service und Nebenleistungen (wertungsrelevant) | H42: =SUM(H38:H41) -> 0

Sheet Los 2 Hauptangebot
B1: Zurück zum Inhaltsverzeichnis
B2: Ausschließlich zur Angebotsabgabe nach Aufforderung
B3: Teil III für Los 2 High-End-Intensivbeatmungsgeräte Neonatal mind. 15" Display
B4: Hauptangebot Preisblatt
B5: für | C5: =Inhaltsverzeichnis!$B$2 -> Rahmenvertrag über Lieferung, Aufstellung und Inbetriebnahme von Narkose- und Beatmungssystemen
B6: Vergabenummer | C6: =Inhaltsverzeichnis!$B$3 -> 2026_JDS_05
B8: Name des Bieter (bitte befüllen)
B10: Bitte füllen Sie nur die hellblauen Felder aus, ändern Sie weder Formeln, noch Reihenfolgen in der Matrix!
B11: In der folgenden Übersicht tragen Sie bitte Ihren Angebotspreis ein.
B12: System, genauere Beschreibung siehe Kriterienkatalog | C12: Artikelnummer (bitte befüllen) | D12: Angebotenes Fabrikat/Typ (bitte ausfüllen) | E12: geschätzte Menge für 2 Jahre | F12: Höchstmenge für 2 Jahre | G12: Einzelpreis Netto (bitte ausfüllen) | H12: Gesamt- preis Netto (Einzelpreis Netto x geschätzete Menge) | I12: MwSt in % (bitte ausfüllen) | J12: Einzelpreis Brutto | K12: Gesamt- preis Brutto (Einzelpreis Brutto x geschätzete Menge)
B13: High-End-Intensivbeatmungsgeräte Neonatal mind. 15" Display - gemäß Leistungsverzeichnis | E13: 10 | F13: 20 | H13: =G13*E13 -> 0 | J13: =(G13*I13)+G13 -> 0 | K13: =J13*E13 -> 0
B14: Nachstehend folgen die optionalen Bedarfspositionen
B15: Sollte Positionen standardmäßig im Grundgerät enthalten sein, bitte bei dem Feld "Angebotenes Fabrikat/Typ" Hinweis "Im Gerät bereits enthalten/inkludiert" vermerken und Preis mit 0,00 Euro beziffern
B16: Positionen mit dem Typ "O" müssen ausgefüllt werden und Positionen mit dem Typ "W" müssen ausgefüllt werden, sofern im LV/LB mit "ja" gekennzeichnet
A17: Positionsnr. Lt. LV/LB | B17: System, genauere Beschreibung siehe Kriterienkatalog | C17: Artikelnummer (bitte befüllen) | D17: Angebotenes Fabrikat/Typ (bitte ausfüllen) | E17: Typ | F17: optionale Bedarfspositionen | G17: Einzelpreis Netto (bitte ausfüllen) | H17: Gesamt- preis Netto (Einzelpreis Netto x optionale Bedarfsposition) | I17: MwSt in % (bitte ausfüllen) | J17: Einzelpreis Brutto | K17: Gesamt- preis Brutto (Einzelpreis Brutto x optionale Bedarfsposition)
A18: 2.2.22 | B18: Integrierte etCO2-Messung | E18: O | F18: 5 | H18: =G18*F18 -> 0 | J18: =(G18*I18)+G18 -> 0 | K18: =J18*F18 -> 0
A19: 2.11.2 | B19: Option: Ein Modul zur unabhängigen Stromversorgung (Akku) für innerklinische Patiententransporte von mindestens 240 Minuten muss verfügbar sein. Leistungsbeschreibung müssen separat beigelegt werden. | E19: O | F19: 5 | H19: =G19*F19 -> 0 | J19: =(G19*I19)+G19 -> 0 | K19: =J19*F19 -> 0
A20: 2.13.3 | B20: Option: Für die zukünftige individuelle Arbeitplatzgestaltung ist optional ein Displaykabel mit einer Länge von 10m verfügbar (Zulassung erforderlich, Zertifikat ist beizulegen). Eine Leistungsbeschreibung müssen separat beigelegt werden. | E20: O | F20: 5 | H20: =G20*F20 -> 0 | J20: =(G20*I20)+G20 -> 0 | K20: =J20*F20 -> 0
A21: 2.2.23 | B21: Option: Das Fahrgestell des Beatmungsgeräts verfügt über eine ausziehbare und höhenverstellbare Bettankopplung, um eine mechanische Verbindung zum Hybridinkubator herzustellen. Eine Beschreibung ist beizulegen. | E21: W | F21: 5 | H21: =G21*F21 -> 0 | J21: =(G21*I21)+G21 -> 0 | K21: =J21*F21 -> 0
A22: 2.2.24 | B22: Option: Die Gesamthöhe des Fahrgestells des angebotenen Beatmungsgerätes ist individuell an die jeweiligen Einsatzbedingungen anpassbar. Bewertet wird die Möglichkeit der Höhenverstellung des Fahrgestells. Der Bieter hat die Art und den Umfang der Höhenverstellung zu beschreiben und beizulegen. | E22: W | F22: 5 | H22: =G22*F22 -> 0 | J22: =(G22*I22)+G22 -> 0 | K22: =J22*F22 -> 0
A23: 2.2.25 | B23: Option: Das Fahrgestell verfügt optional über einen vollumlaufenden Handgriff aus Metall der auch als Rangierschutz dient. | E23: W | F23: 5 | H23: =G23*F23 -> 0 | J23: =(G23*I23)+G23 -> 0 | K23: =J23*F23 -> 0
A24: 2.2.27 | B24: Option: In Verbindung mit einem verteilten Alarmsystem (DAS) gemäß aktueller Normierung IEC 60601-1-8-2020 können Gerätealarme am Beatmungsgerät dauerhaft stummgestellt werden. Eine Beschreibung beizulegen. | E24: W | F24: 5 | H24: =G24*F24 -> 0 | J24: =(G24*I24)+G24 -> 0 | K24: =J24*F24 -> 0
A25: 2.4.9 | B25: Optional: APRV-PC/VG oder ähnlich | E25: W | F25: 5 | H25: =G25*F25 -> 0 | J25: =(G25*I25)+G25 -> 0 | K25: =J25*F25 -> 0
A26: 2.5.5 | B26: Optional: APRV-PC oder ähnlich | E26: W | F26: 5 | H26: =G26*F26 -> 0 | J26: =(G26*I26)+G26 -> 0 | K26: =J26*F26 -> 0
A27: 2.11.1 | B27: Option: Grafische Darstellung von Lungeneigenschaften hinsichtlich Lungendehnbarkeit (Compliance) und des Atemwegswiderstands (Resistance). Als Datenbasis dienen die angezeigten Messwerten des Patienten (für alle Patientenkategorien) mit der Möglichkeit die Referenzkennlinie jederzeit neu festzulegen. | E27: W | F27: 5 | H27: =G27*F27 -> 0 | J27: =(G27*I27)+G27 -> 0 | K27: =J27*F27 -> 0
A28: 2.12.7 | B28: Option: Eine Alarmübertragung an ein verteiltes Alarmsystem (DAS) per SDC IEEE11073-Standard gemäß aktueller Normierung IEC 60601-1-8-2020 ist möglich (eine Beschreibung ist beizulegen). | E28: W | F28: 5 | H28: =G28*F28 -> 0 | J28: =(G28*I28)+G28 -> 0 | K28: =J28*F28 -> 0
A29: 2.15.1 | B29: Option: Schwesternruf | F29: 5
A30: 2.15.2 | B30: Option: Das Beatmungsgerät kann optional mit einem pneumatischen Vernebleranschluss ausgestattet werden. Alternativ bzw. gleichwertig kann die Verneblung über einen integrierten elektrischen Vernebler erfolgen. | E30: W | F30: 5 | H30: =G30*F30 -> 0 | J30: =(G30*I30)+G30 -> 0 | K30: =J30*F30 -> 0
A31: 2.15.3 | B31: Option: Modulare vollgeschlossene, ausziehbare Schublade am Fahrgestell integrierbar (Zulassung der Gerätekombination sowie eine Beschreibung ist beizulegen) | E31: W | F31: 5 | H31: =G31*F31 -> 0 | J31: =(G31*I31)+G31 -> 0 | K31: =J31*F31 -> 0
B32: Summe Gesamtpreis Netto Optionen (Kriterientyp O und W) | H32: =SUM(H18:H31) -> 0
A33: Positionsnr. Lt. LV/LB | B33: System, genauere Beschreibung siehe Kriterienkatalog | C33: Artikelnummer (bitte befüllen) | D33: Angebotenes Fabrikat/Typ (bitte ausfüllen) | E33: Typ | F33: optionale Bedarfspositionen | G33: Einzelpreis Netto (bitte ausfüllen) | H33: Gesamt- preis Netto (Einzelpreis Netto x optionale Bedarfsposition) | I33: MwSt in % (bitte ausfüllen) | J33: Einzelpreis Brutto | K33: Gesamt- preis Brutto (Einzelpreis Brutto x optionale Bedarfsposition)
A34: 1.9.1 | B34: Service- und Wartungsvertrag für die Geräte (nach Gewährleistungszeitraum: gemäß Leistungsverzeichnis) | E34: O | F34: 1 | H34: =G34*F34 -> 0 | J34: =(G34*I34)+G34 -> 0 | K34: =J34*F34 -> 0
B35: Kosten für zusätzliche Geräteeinweisung lt. MPBetreibV | E35: I | F35: 1 | H35: =G35*F35 -> 0 | J35: =(G35*I35)+G35 -> 0 | K35: =J35*F35 -> 0
B36: Kosten für Technikerschulung für Inhousereparatur | E36: I | F36: 1 | H36: =G36*F36 -> 0 | J36: =(G36*I36)+G36 -> 0 | K36: =J36*F36 -> 0
B37: Kosten für Technikerschulung für gesetzliche Prüfungen | E37: I | F37: 1 | H37: =G37*F37 -> 0 | J37: =(G37*I37)+G37 -> 0 | K37: =J37*F37 -> 0
B38: Summe Gesamtpreis Netto Service und Nebenleistungen (wertungsrelevant) | H38: =SUM(H34:H37) -> 0

Sheet Los 3 Hauptangebot
B1: Zurück zum Inhaltsverzeichnis
B2: Ausschließlich zur Angebotsabgabe nach Aufforderung
B3: Teil III für Los 3 für Anästhesiearbeitsplatz
B4: Hauptangebot Preisblatt
B5: für | C5: =Inhaltsverzeichnis!$B$2 -> Rahmenvertrag über Lieferung, Aufstellung und Inbetriebnahme von Narkose- und Beatmungssystemen
B6: Vergabenummer | C6: =Inhaltsverzeichnis!$B$3 -> 2026_JDS_05
B8: Name des Bieter (bitte befüllen)
B10: Bitte füllen Sie nur die hellblauen Felder aus, ändern Sie weder Formeln, noch Reihenfolgen in der Matrix!
B11: In der folgenden Übersicht tragen Sie bitte Ihren Angebotspreis ein.
B12: System, genauere Beschreibung siehe Kriterienkatalog | C12: Artikelnummer (bitte befüllen) | D12: Angebotenes Fabrikat/Typ (bitte ausfüllen) | E12: geschätzte Menge für 2 Jahre | F12: Höchstmenge für 2 Jahre | G12: Einzelpreis Netto (bitte ausfüllen) | H12: Gesamt- preis Netto (Einzelpreis Netto x geschätzete Menge) | I12: MwSt in % (bitte ausfüllen) | J12: Einzelpreis Brutto | K12: Gesamt- preis Brutto (Einzelpreis Brutto x geschätzete Menge)
B13: Anästhesiearbeitsplatz – gemäß Leistungsverzeichnis | E13: 8 | F13: 15 | H13: =G13*E13 -> 0 | J13: =(G13*I13)+G13 -> 0 | K13: =J13*E13 -> 0
B14: Nachstehend folgen die optionalen Bedarfspositionen
B15: Sollte Positionen standardmäßig im Grundgerät enthalten sein, bitte bei dem Feld "Angebotenes Fabrikat/Typ" Hinweis "Im Gerät bereits enthalten/inkludiert" vermerken und Preis mit 0,00 Euro beziffern
B16: Positionen mit dem Typ "O" müssen ausgefüllt werden
A17: Positionsnr. Lt. LV/LB | B17: System, genauere Beschreibung siehe Kriterienkatalog | C17: Artikelnummer (bitte befüllen) | D17: Angebotenes Fabrikat/Typ (bitte ausfüllen) | E17: Typ | F17: optionale Bedarfspositionen | G17: Einzelpreis Netto (bitte ausfüllen) | H17: Gesamt- preis Netto (Einzelpreis Netto x optionale Bedarfsposition) | I17: MwSt in % (bitte ausfüllen) | J17: Einzelpreis Brutto | K17: Gesamt- preis Brutto (Einzelpreis Brutto x optionale Bedarfsposition)
A18: 2.6.27 | B18: Das Tidalvolumen muss in der volumenkontrollierten Beatmung ab 5 ml mit einer Einstellauflösung von maximal 1 ml einstellbar sein. | E18: O | F18: 4 | H18: =G18*F18 -> 0 | J18: =(G18*I18)+G18 -> 0 | K18: =J18*F18 -> 0
A19: 2.6.36 | B19: Automatisierte Lungen-Recruitment-Manöver sind für das angebotene Anästhesiegerät als käuflich zu erwerbende Zusatzfunktion verfügbar. Die Option ist im Angebot für Erstbeschaffung separat auszuweisen und zu bepreisen. Sofern die Funktion nachträglich erworben bzw. freigeschaltet werden kann, ist dies vom Bieter entsprechend separat auszuweisen und zu bepreisen. | E19: O | F19: 4 | H19: =G19*F19 -> 0 | J19: =(G19*I19)+G19 -> 0 | K19: =J19*F19 -> 0
A20: 2.6.51 | B20: Passenden Haltearm für die Aufnahme von Infusionstechnik am Narkosegerät | E20: O | F20: 4 | H20: =G20*F20 -> 0 | J20: =(G20*I20)+G20 -> 0 | K20: =J20*F20 -> 0
A21: 2.6.52 | B21: Passenden Haltearm für einen IT-Arbeitsplatz inkl. Tastaturablage am Narkosegerät. | E21: O | F21: 4 | H21: =G21*F21 -> 0 | J21: =(G21*I21)+G21 -> 0 | K21: =J21*F21 -> 0
A22: 2.6.70 | B22: Anschluss für mindestens 2 Verdampfer-Module für volatile Anästhetika, der die patientennahe Bedienung der Verdampfer ermöglicht. | E22: O | F22: 4 | H22: =G22*F22 -> 0 | J22: =(G22*I22)+G22 -> 0 | K22: =J22*F22 -> 0
A23: 2.8.1 | B23: Kurvenanzeige für: Atemwegsdruck, insp. und exsp. Flow, Volumen (mit Loops), O2, CO2 und führendes volatiles Anästhetikum. | E23: O | F23: 4 | H23: =G23*F23 -> 0 | J23: =(G23*I23)+G23 -> 0 | K23: =J23*F23 -> 0
A24: 2.8.2 | B24: Der Druck/Volumen Loop kann auf jeder Ansicht ohne Über-/Verdecken der Echtzeitkurven angezeigt werden. | E24: O | F24: 4 | H24: =G24*F24 -> 0 | J24: =(G24*I24)+G24 -> 0 | K24: =J24*F24 -> 0
A25: 2.8.3 | B25: Graphische Trendanzeige aller gemessenen Parameter mit Zoom und Cursor Funktion für etCO2, FiO2, insp. und exsp. vA, MV, VT, RR, Lung Compliance, PIP, Pplat, PEEP, Pmean, R, xMAC. | E25: O | F25: 4 | H25: =G25*F25 -> 0 | J25: =(G25*I25)+G25 -> 0 | K25: =J25*F25 -> 0
A26: 2.1.6 | B26: Option: Der Hersteller bietet die Bereitstellung und Abholung der bereitgestellten Sammelbehälter, sowie die 100%ige Verwertung der Kalkabfälle gemäß §26 KrWG zu freiwilligen Rücknahme an | E26: W | F26: 4 | H26: =G26*F26 -> 0 | J26: =(G26*I26)+G26 -> 0 | K26: =J26*F26 -> 0
A27: 2.3.10.8 | B27: Option: Die angebotenen Produkte unterstützen eine SDC-konforme Datenausgabe von Einstellwerten, Messwerten und Alarmen gemäß IEEE 11073-10207:2017, IEEE 11073-20702:2016 und IEEE 11073-20701:2018. | E27: W | F27: 4 | H27: =G27*F27 -> 0 | J27: =(G27*I27)+G27 -> 0 | K27: =J27*F27 -> 0
A28: 2.11.1 | B28: Option: Die Anwendungssoftware unterstützt den Anwender bei der Erkennung potenzieller Medikamenteninteraktionen. Hierzu werden relevante Interaktionen auf Basis der eingegebenen bzw. ausgewählten Medikamente automatisch ermittelt und übersichtlich, verständlich und unmittelbar nachvollziehbar visualisiert. | E28: W | F28: 4 | H28: =G28*F28 -> 0 | J28: =(G28*I28)+G28 -> 0 | K28: =J28*F28 -> 0
A29: 2.11.2 | B29: Option: Alle relevanten Daten sowohl der volatilen Anästhetika als auch der intravenös applizierten Hypnotika und Opioide werden automatisch erfasst. | E29: W | F29: 4 | H29: =G29*F29 -> 0 | J29: =(G29*I29)+G29 -> 0 | K29: =J29*F29 -> 0
... A85: 2.12.32 | B85: Option: Die Fallansicht ermöglicht die Analyse der einzelnen Fälle. Sobald ein Fall ausgewählt ist, werden die Beatmungsparameter über den Zeitraum der Falldauer angezeigt. | E85: W | F85: 4 | H85: =G85*F85 -> 0 | J85: =(G85*I85)+G85 -> 0 | K85: =J85*F85 -> 0
B86: Summe Gesamtpreis Netto Optionen (Kriterientyp O und W) | H86: =SUM(H18:H85) -> 0
A87: Positionsnr. Lt. LV/LB | B87: System, genauere Beschreibung siehe Kriterienkatalog | C87: Artikelnummer (bitte befüllen) | D87: Angebotenes Fabrikat/Typ (bitte ausfüllen) | E87: Typ | F87: optionale Bedarfspositionen | G87: Einzelpreis Netto (bitte ausfüllen) | H87: Gesamt- preis Netto (Einzelpreis Netto x optionale Bedarfsposition) | I87: MwSt in % (bitte ausfüllen) | J87: Einzelpreis Brutto | K87: Gesamt- preis Brutto (Einzelpreis Brutto x optionale Bedarfsposition)
A88: 1.9.1 | B88: Service- und Wartungsvertrag für die Geräte (nach Gewährleistungszeitraum: gemäß Leistungsverzeichnis) | E88: O | F88: 1 | H88: =G88*F88 -> 0 | J88: =(G88*I88)+G88 -> 0 | K88: =J88*F88 -> 0
B89: Kosten für zusätzliche Geräteeinweisung lt. MPBetreibV | E89: I | F89: 1 | H89: =G89*F89 -> 0 | J89: =(G89*I89)+G89 -> 0 | K89: =J89*F89 -> 0
B90: Kosten für Technikerschulung für Inhousereparatur | E90: I | F90: 1 | H90: =G90*F90 -> 0 | J90: =(G90*I90)+G90 -> 0 | K90: =J90*F90 -> 0
B91: Kosten für Technikerschulung für gesetzliche Prüfungen | E91: I | F91: 1 | H91: =G91*F91 -> 0 | J91: =(G91*I91)+G91 -> 0 | K91: =J91*F91 -> 0
B92: Summe Gesamtpreis Netto Service und Nebenleistungen (wertungsrelevant) | H92: =SUM(H88:H91) -> 0

Sheet Los 4 Hauptangebot
B1: Zurück zum Inhaltsverzeichnis
B2: Ausschließlich zur Angebotsabgabe nach Aufforderung
B3: Teil III für Los 4 High-End-Transportbeatmungsgerät
B4: Hauptangebot Preisblatt
B5: für | C5: =Inhaltsverzeichnis!$B$2 -> Rahmenvertrag über Lieferung, Aufstellung und Inbetriebnahme von Narkose- und Beatmungssystemen
B6: Vergabenummer | C6: =Inhaltsverzeichnis!$B$3 -> 2026_JDS_05
B8: Name des Bieter (bitte befüllen)
B10: Bitte füllen Sie nur die hellblauen Felder aus, ändern Sie weder Formeln, noch Reihenfolgen in der Matrix!
B11: In der folgenden Übersicht tragen Sie bitte Ihren Angebotspreis ein.
B12: System, genauere Beschreibung siehe Kriterienkatalog | C12: Artikelnummer (bitte befüllen) | D12: Angebotenes Fabrikat/Typ (bitte ausfüllen) | E12: geschätzte Menge für 2 Jahre | F12: Höchstmenge für 2 Jahre | G12: Einzelpreis Netto (bitte ausfüllen) | H12: Gesamt- preis Netto (Einzelpreis Netto x geschätzete Menge) | I12: MwSt in % (bitte ausfüllen) | J12: Einzelpreis Brutto | K12: Gesamt- preis Brutto (Einzelpreis Brutto x geschätzete Menge)
B13: High-End-Transportbeatmungsgerät – gemäß Leistungsverzeichnis | E13: 10 | F13: 15 | H13: =G13*E13 -> 0 | J13: =(G13*I13)+G13 -> 0 | K13: =J13*E13 -> 0
B14: Nachstehend folgen die optionalen Bedarfspositionen
B15: Sollte Positionen standardmäßig im Grundgerät enthalten sein, bitte bei dem Feld "Angebotenes Fabrikat/Typ" Hinweis "Im Gerät bereits enthalten/inkludiert" vermerken und Preis mit 0,00 Euro beziffern
B16: Positionen mit dem Typ "O" müssen ausgefüllt werden
A17: Positionsnr. Lt. LV/LB | B17: System, genauere Beschreibung siehe Kriterienkatalog | C17: Artikelnummer (bitte befüllen) | D17: Angebotenes Fabrikat/Typ (bitte ausfüllen) | E17: Typ | F17: optionale Bedarfspositionen | G17: Einzelpreis Netto (bitte ausfüllen) | H17: Gesamt- preis Netto (Einzelpreis Netto x optionale Bedarfsposition) | I17: MwSt in % (bitte ausfüllen) | J17: Einzelpreis Brutto | K17: Gesamt- preis Brutto (Einzelpreis Brutto x optionale Bedarfsposition)
A18: 2.11.2 | B18: Eine zusätzliche Akkukapazität ist verfügbar, sodass eine netzunabhängige Gesamtbetriebsdauer des Gerätes von mindestens 8 Stunden ermöglicht wird. Die zusätzliche Akkukapazität kann über einen Wechselakku oder eine integrierte zusätzliche Akkueinheit realisiert werden. | E18: O | F18: 5 | H18: =G18*F18 -> 0 | J18: =(G18*I18)+G18 -> 0 | K18: =J18*F18 -> 0
A19: 2.10.12 | B19: Option: Die Stromversorgung bzw. Akkuladung des Transportbeatmungsgerätes wird beim Einsetzen in das Fahrgestell bzw. die Transporteinheit automatisch über eine kontaktbasierte Verbindung hergestellt. | E19: W | F19: 5 | H19: =G19*F19 -> 0 | J19: =(G19*I19)+G19 -> 0 | K19: =J19*F19 -> 0
A20: 2.10.15 | B20: Option: Die Transporteinheit verfügt über einen geeigneten Rangierschutz, der das Transportbeatmungsgerät und daran befestigtes Zubehör vor Beschädigungen bei der Bewegung schützt. | E20: W | F20: 5 | H20: =G20*F20 -> 0 | J20: =(G20*I20)+G20 -> 0 | K20: =J20*F20 -> 0
A21: 2.10.16 | B21: Option: Die Transporteinheit verfügt über einen geschlossenen, während des Transports sicher fixierten Stauraum zur Aufnahme von medizinischem Zubehör. | E21: W | F21: 5 | H21: =G21*F21 -> 0 | J21: =(G21*I21)+G21 -> 0 | K21: =J21*F21 -> 0
A22: 2.10.17 | B22: Option: Die Transporteinheit verfügt über eine spritzwassergeschützte medizinische Steckdosenleiste mit mindestens vier Netzsteckdosen zur Versorgung zusätzlicher medizinischer Geräte. Die Steckdosenleiste kann im Fahrgestell oder in einem geeigneten externen Andockwagen integriert sein. | E22: W | F22: 5 | H22: =G22*F22 -> 0 | J22: =(G22*I22)+G22 -> 0 | K22: =J22*F22 -> 0
B23: Summe Gesamtpreis Netto Optionen (Kriterientyp O und W) | H23: =SUM(H18:H22) -> 0
A24: Positionsnr. Lt. LV/LB | B24: System, genauere Beschreibung siehe Kriterienkatalog | C24: Artikelnummer (bitte befüllen) | D24: Angebotenes Fabrikat/Typ (bitte ausfüllen) | E24: Typ | F24: optionale Bedarfspositionen | G24: Einzelpreis Netto (bitte ausfüllen) | H24: Gesamt- preis Netto (Einzelpreis Netto x optionale Bedarfsposition) | I24: MwSt in % (bitte ausfüllen) | J24: Einzelpreis Brutto | K24: Gesamt- preis Brutto (Einzelpreis Brutto x optionale Bedarfsposition)
A25: 1.9.1 | B25: Service- und Wartungsvertrag für die Geräte (nach Gewährleistungszeitraum: gemäß Leistungsverzeichnis) | E25: O | F25: 1 | H25: =G25*F25 -> 0 | J25: =(G25*I25)+G25 -> 0 | K25: =J25*F25 -> 0
B26: Kosten für zusätzliche Geräteeinweisung lt. MPBetreibV | E26: I | F26: 1 | H26: =G26*F26 -> 0 | J26: =(G26*I26)+G26 -> 0 | K26: =J26*F26 -> 0
B27: Kosten für Technikerschulung für Inhousereparatur | E27: I | F27: 1 | H27: =G27*F27 -> 0 | J27: =(G27*I27)+G27 -> 0 | K27: =J27*F27 -> 0
B28: Kosten für Technikerschulung für gesetzliche Prüfungen | E28: I | F28: 1 | H28: =G28*F28 -> 0 | J28: =(G28*I28)+G28 -> 0 | K28: =J28*F28 -> 0
B29: Summe Gesamtpreis Netto Service und Nebenleistungen (wertungsrelevant) | H29: =SUM(H25:H28) -> 0

Sheet Übersicht Angebote und Rabatt
A1: Zurück zum Inhaltsverzeichnis
A2: Übersicht: Punkte und Angebote sowie Rabatt bei Gesamtvergabe
A3: für | C3: Rahmenvertrag über Lieferung, Aufstellung und Inbetriebnahme von Ultraschallsystemen einschließlich der Sonden
A4: Vergabenummer | C4: 2025_JDS_01
A5: Name des Bieter (bitte ausfüllen)
A8: Registerkarte | B8: Status LV / LB | C8: max. erreichbare Leistungspunkte je Registerkarte | D8: max. erreichbare Leistungspunkte wertungsrelevant je Los | E8: erreichte Leistungspunkte je Los | F8: Leistungspunkte je Los wertungsrelevant (erreichte Leistungspunkte aus Anforderungen alle Lose + erreichte Leistungspunkte aus zu bewertenden Los) | G8: Für den Mindestqualitätsstandard wird die nachstehende Leistungspunktzahl festgelegt. | H8: vorläufiger Status Teilnahmeantrag (vor vollständiger Eignungsprüfung) | I8: Summe Gesamtpreis Gerät/System Netto | J8: Preisgewichtung 80% Summe Gesamtpreis Netto Gerät/System | K8: Summe Gesamtpreis Netto Optionen (Kriterientyp O und W) | L8: Preisgewichtung 20% Summe Gesamtpreis Netto Optionen (Kriterientyp O und W) 20% | M8: Gesamtpreis Netto (wertungsrelevant) | N8: Gesamtpreis Netto (wertungsrelevant) abzgl. gewährten Rabatt | O8: Summe Gesamtpreis Netto Service und Neben-leistungen (wertungsrelevant)
A9: Anforderungen alle Lose | B9: *1) | C9: *1) | E9: *1)
A10: Hauptangebot Los 1 High-End-Intensivbeatmung für Erwachsene mind. 15" Display | B10: *1) | C10: *1) | D10: *1) | E10: *1) | F10: *1) | G10: *1) | H10: *1) | I10: ='Los 1 Hauptangebot'!G13 -> 0 | J10: =I10*80% -> 0 | K10: ='Los 1 Hauptangebot'!H36 -> 0 | L10: =K10*20% -> 0 | M10: =SUM(J10,L10) -> 0 | N10: =$M10-($M10*$B$18) -> 0 | O10: ='Los 1 Hauptangebot'!H42 -> 0
A11: Hauptangebot Los 2 High-End-Intensivbeatmungsgerät Neonatal mind. 15" Display | B11: *1) | C11: *1) | D11: *1) | E11: *1) | F11: *1) | G11: *1) | H11: *1) | I11: ='Los 2 Hauptangebot'!H13 -> 0 | J11: =I11*80% -> 0 | K11: ='Los 2 Hauptangebot'!H32 -> 0 | L11: =K11*20% -> 0 | M11: =SUM(J11,L11) -> 0 | N11: =$M11-($M11*$B$18) -> 0 | O11: ='Los 2 Hauptangebot'!H38 -> 0
A12: Hauptangebot Los 3 Anästhesiearbeitsplatz | B12: *1) | C12: *1) | D12: *1) | E12: *1) | F12: *1) | G12: *1) | H12: *1) | I12: ='Los 3 Hauptangebot'!H13 -> 0 | J12: =I12*80% -> 0 | K12: ='Los 3 Hauptangebot'!H86 -> 0 | L12: =K12*20% -> 0 | M12: =SUM(J12,L12) -> 0 | N12: =$M12-($M12*$B$18) -> 0 | O12: ='Los 3 Hauptangebot'!H92 -> 0
A13: Hauptangebot Los 4 High-End-Transportbeatmungsgeräte | B13: *1) | C13: *1) | D13: *1) | E13: *1) | F13: *1) | G13: *1) | H13: *1) | I13: ='Los 4 Hauptangebot'!H13 -> 0 | J13: =I13*80% -> 0 | K13: ='Los 4 Hauptangebot'!H23 -> 0 | L13: =K13*20% -> 0 | M13: =SUM(J13,L13) -> 0 | N13: =$M13-($M13*$B$18) -> 0 | O13: ='Los 4 Hauptangebot'!H29 -> 0
A17: Wird bei einer Bezuschlagung aller angebotener Lose des Bieters angewandt bzw. bei Gesamtvergabe | B17: Rabatt in % (bitte ausfüllen)
A18: zusätzlicher Rabatt
A21: *1) Übernahme aus Teilnahmeantrag

Sheet Angebotswertung 
A1: Zurück zum Inhaltsverzeichnis
A2: 1. Ermittlung des wirtschaftlichsten Angebotes je Los
A4: Gesamtpreis Netto (wertungsrelevant) | B4: Bieter 1 | C4: Bieter 2 | D4: Bieter 3 | E4: Bieter 4
A5: Los 1 | B5: 8200 | C5: 10000 | D5: 8350 | E5: 8290
A6: Los 2 | B6: 10150 | C6: 10500 | D6: 7250 | E6: 8750
A7: Los 3 | B7: 7150 | D7: 7300 | E7: 8500
A8: Los 4 | B8: 9500 | C8: 11300 | D8: 12100 | E8: 10750
A10: Gesamtpreis Netto Service und Nebenleistungen (wertungsrelevant) | B10: Bieter 1 | C10: Bieter 2 | D10: Bieter 3 | E10: Bieter 4
A11: Los 1 | B11: 570 | C11: 710 | D11: =AVERAGE(B11:C11) -> 640 | E11: 550
A12: Los 2 | B12: 570 | C12: 710 | D12: 670 | E12: 550
A13: Los 3 | B13: 630 | D13: =AVERAGE(B13:C13) -> 630 | E13: 550
A14: Los 4 | B14: 450 | C14: 350 | D14: =AVERAGE(B14:C14) -> 400 | E14: 450
A16: Leistungspunkt aus Kriterienkatalog (wertungsrelevant) | B16: Bieter 1 | C16: Bieter 2 | D16: Bieter 3 | E16: Bieter 4
A17: Los 1 | B17: 480 | C17: 500 | D17: 500 | E17: 430
A18: Los 2 | B18: 400 | C18: 420 | D18: 470 | E18: 390
A19: Los 3 | B19: 390 | D19: 460 | E19: 460
A20: Los 4 | B20: 420 | C20: 450 | D20: 480 | E20: 370
A22: Leistungspunkt aus Anwenderrezension (wertungsrelevant) | B22: Bieter 1 | C22: Bieter 2 | D22: Bieter 3 | E22: Bieter 4
A23: Los 1 | B23: 1560 | C23: 1420 | D23: 1320 | E23: 1160
A24: Los 2 | B24: 1250 | C24: 1120 | D24: 1440 | E24: 980
A25: Los 3 | B25: 1480 | D25: 1520 | E25: 1210
A26: Los 4 | B26: 1680 | C26: 960 | D26: 960 | E26: 1120
A28: Gewichtungsfaktor Gesamtpreis Netto | B28: 40
A29: Gesamtpreis Netto Service und Nebenleistungen | B29: 20
A30: Gewichtungsfaktor Leistungspunkt aus Kriterienkatalog | B30: 20
A31: Gewichtung Leistungspunkt aus Anwenderrezension | B31: 20
A32: Niedrigster abgegebener Gesamtpreis Netto | B32: =MIN(B37:E37) -> 8200
A33: Niedrigster abgegebener Gesamtpreis Netto Service und Nebenleistungen (wertungsrelevant) | B33: =MIN(B38:E38) -> 550
A34: Höchste erreichte Leistungspunktzahl aus Kriterienkatalog | B34: =MAX(B39:E39) -> 500
A35: Höchste erreichte Leistungspunktzahl aus Anwenderrezension | B35: =MAX(B40:E40) -> 1560
A36: Los 1 | B36: Bieter 1 | C36: Bieter 2 | D36: Bieter 3 | E36: Bieter 4
A37: Gesamtpreis Netto (wertungsrelevant) | B37: =B5 -> 8200 | C37: =C5 -> 10000 | D37: =D5 -> 8350 | E37: =E5 -> 8290
A38: Gesamtpreis Netto Service und Nebenleistungen (wertungsrelevant) | B38: =B11 -> 570 | C38: =C11 -> 710 | D38: =D11 -> 640 | E38: =E11 -> 550
A39: Leistungspunkt aus Kriterienkatalog (wertungsrelevant) | B39: =B17 -> 480 | C39: =C17 -> 500 | D39: =D17 -> 500 | E39: =E17 -> 430
A40: Leistungspunkt aus Anwenderrezension (wertungsrelevant) | B40: =B23 -> 1560 | C40: =C23 -> 1420 | D40: =D23 -> 1320 | E40: =E23 -> 1160
A41: berechnete Wertungskennzahl (Z) | B41: =(($B$32/B$37)*$B$28)+(($B$33/B$38)*$B$29)+((B$39/$B$34)*$B$30)+((B$40/$B$35)*$B$31) -> 98.498246 | C41: =(($B$32/C$37)*$B$28)+(($B$33/C$38)*$B$29)+((C$39/$B$34)*$B$30)+((C$40/$B$35)*$B$31) -> 86.498086 | D41: =(($B$32/D$37)*$B$28)+(($B$33/D$38)*$B$29)+((D$39/$B$34)*$B$30)+((D$40/$B$35)*$B$31) -> 93.392014 | E41: =(($B$32/E$37)*$B$28)+(($B$33/E$38)*$B$29)+((E$39/$B$34)*$B$30)+((E$40/$B$35)*$B$31) -> 91.637537
A42: Rangfolge | B42: =RANK(B$41,$B$41:$E$41) -> 1 | C42: =RANK(C$41,$B$41:$E$41) -> 4 | D42: =RANK(D$41,$B$41:$E$41) -> 2 | E42: =RANK(E$41,$B$41:$E$41) -> 3
A44: Niedrigster abgegebener Gesamtpreis Netto | B44: =MIN(B49:E49) -> 7250
A45: Niedrigster abgegebener Gesamtpreis Netto Service und Nebenleistungen (wertungsrelevant) | B45: =MIN(B50:E50) -> 550
A46: Höchste erreichte Leistungspunktzahl | B46: =MAX(B51:E51) -> 550
A47: Höchste erreichte Leistungspunktzahl aus Anwenderrezension | B47: =MAX(B52:E52) -> 1440
A48: Los 2 | B48: Bieter 1 | C48: Bieter 2 | D48: Bieter 3 | E48: Bieter 4
A49: Gesamtpreis Netto (wertungsrelevant) | B49: =B6 -> 10150 | C49: =C6 -> 10500 | D49: =D6 -> 7250 | E49: =E6 -> 8750
A50: Gesamtpreis Netto Service und Nebenleistungen (wertungsrelevant) | B50: =B12 -> 570 | C50: =C12 -> 710 | D50: =D12 -> 670 | E50: =E12 -> 550
A51: Leistungspunkt aus Kriterienkatalog (wertungsrelevant) | B51: =B33 -> 550 | C51: =C18 -> 420 | D51: =D18 -> 470 | E51: =E18 -> 390
A52: Leistungspunkt aus Anwenderrezension (wertungsrelevant) | B52: =B24 -> 1250 | C52: =C24 -> 1120 | D52: =D24 -> 1440 | E52: =E24 -> 980
A53: berechnete Wertungskennzahl (Z) | B53: =(($B$44/B$49)*$B$28)+(($B$45/B$50)*$B$29)+((B$51/$B$46)*$B$30)+((B$52/$B$47)*$B$31) -> 85.230785 | C53: =(($B$44/C$49)*$B$28)+(($B$45/C$50)*$B$29)+((C$51/$B$46)*$B$30)+((C$52/$B$47)*$B$31) -> 73.940288 | D53: =(($B$44/D$49)*$B$28)+(($B$45/D$50)*$B$29)+((D$51/$B$46)*$B$30)+((D$52/$B$47)*$B$31) -> 93.50882 | E53: =(($B$44/E$49)*$B$28)+(($B$45/E$50)*$B$29)+((E$51/$B$46)*$B$30)+((E$52/$B$47)*$B$31) -> 80.935786
A54: Rangfolge | B54: =RANK(B$53,$B$53:$E$53) -> 2 | C54: =RANK(C$53,$B$53:$E$53) -> 4 | D54: =RANK(D$53,$B$53:$E$53) -> 1 | E54: =RANK(E$53,$B$53:$E$53) -> 3
A56: Niedrigster abgegebener Gesamtpreis Netto | B56: =MIN(B61:E61) -> 7150
A57: Niedrigster abgegebener Gesamtpreis Netto Service und Nebenleistungen (wertungsrelevant) | B57: =MIN(B62:E62) -> 550
A58: Höchste erreichte Leistungspunktzahl | B58: =MAX(B63:E63) -> 460
A59: Höchste erreichte Leistungspunktzahl aus Anwenderrezension | B59: =MAX(B64:E64) -> 1520
A60: Los 3 | B60: Bieter 1 | C60: Bieter 2 | D60: Bieter 3 | E60: Bieter 4
A61: Gesamtpreis Netto (wertungsrelevant) | B61: =B7 -> 7150 | D61: =D7 -> 7300 | E61: =E7 -> 8500
A62: Gesamtpreis Netto Service und Nebenleistungen (wertungsrelevant) | B62: =B13 -> 630 | D62: =D13 -> 630 | E62: =E13 -> 550
A63: Leistungspunkt aus Kriterienkatalog (wertungsrelevant) | B63: =B19 -> 390 | D63: =D19 -> 460 | E63: =E19 -> 460
A64: Leistungspunkt aus Anwenderrezension (wertungsrelevant) | B64: =B25 -> 1480 | D64: =D25 -> 1520 | E64: =E25 -> 1210
A65: berechnete Wertungskennzahl (Z) | B65: =(($B$56/B$61)*$B$28)+(($B$57/B$62)*$B$29)+((B$63/$B$58)*$B$30)+((B$64/$B$59)*$B$31) -> 93.890523 | D65: =(($B$56/D$61)*$B$28)+(($B$57/D$62)*$B$29)+((D$63/$B$58)*$B$30)+((D$64/$B$59)*$B$31) -> 96.6384 | E65: =(($B$56/E$61)*$B$28)+(($B$57/E$62)*$B$29)+((E$63/$B$58)*$B$30)+((E$64/$B$59)*$B$31) -> 89.568111
A66: Rangfolge | B66: =RANK(B$65,$B$65:$E$65) -> 2 | D66: =RANK(D$65,$B$65:$E$65) -> 1 | E66: =RANK(E$65,$B$65:$E$65) -> 3
A68: Niedrigster abgegebener Gesamtpreis Netto | B68: =MIN(B73:E73) -> 9500
A69: Niedrigster abgegebener Gesamtpreis Netto Service und Nebenleistungen (wertungsrelevant) | B69: =MIN(B74:E74) -> 350
A70: Höchste erreichte Leistungspunktzahl | B70: =MAX(B75:E75) -> 480
A71: Höchste erreichte Leistungspunktzahl aus Anwenderrezension | B71: =MAX(B76:E76) -> 1680
A72: Los 4 | B72: Bieter 1 | C72: Bieter 2 | D72: Bieter 3 | E72: Bieter 4
A73: Gesamtpreis Netto (wertungsrelevant) | B73: =B8 -> 9500 | C73: =C8 -> 11300 | D73: =D8 -> 12100 | E73: =E8 -> 10750
A74: Gesamtpreis Netto Service und Nebenleistungen (wertungsrelevant) | B74: =B14 -> 450 | C74: =C14 -> 350 | D74: =D14 -> 400 | E74: =E14 -> 450
A75: Leistungspunkt aus Kriterienkatalog (wertungsrelevant) | B75: =B20 -> 420 | C75: =C20 -> 450 | D75: =D20 -> 480 | E75: =E20 -> 370
A76: Leistungspunkt aus Anwenderrezension (wertungsrelevant) | B76: =B26 -> 1680 | C76: =C26 -> 960 | D76: =D26 -> 960 | E76: =E26 -> 1120
A77: berechnete Wertungskennzahl (Z) | B77: =(($B$68/B$73)*$B$28)+(($B$69/B$74)*$B$29)+((B$75/$B$70)*$B$30)+((B$76/$B$71)*$B$31) -> 93.055556 | C77: =(($B$68/C$73)*$B$28)+(($B$69/C$74)*$B$29)+((C$75/$B$70)*$B$30)+((C$76/$B$71)*$B$31) -> 83.80689 | D77: =(($B$68/D$73)*$B$28)+(($B$69/D$74)*$B$29)+((D$75/$B$70)*$B$30)+((D$76/$B$71)*$B$31) -> 80.33353 | E77: =(($B$68/E$73)*$B$28)+(($B$69/E$74)*$B$29)+((E$75/$B$70)*$B$30)+((E$76/$B$71)*$B$31) -> 79.654393
A78: Rangfolge | B78: =RANK(B$77,$B$77:$E$77) -> 1 | C78: =RANK(C$77,$B$77:$E$77) -> 2 | D78: =RANK(D$77,$B$77:$E$77) -> 3 | E78: =RANK(E$77,$B$77:$E$77) -> 4
A80: Grundbetrachtung:
A81: Bieter 1 kann nur 3 der 4 Lose kriegen, in denen er einer der beiden Mindestbieter ist.
A82: Bieter 2 kann nur 1 der 4 Lose kriegen, in denen er einer der beiden Mindestbieter ist.
A83: Bieter 3 kann nur 2 der 4 Lose kriegen, in denen er einer der beiden Mindestbieter ist.
A84: Bieter 4 kann nur 2 der 4 Lose kriegen, in denen er einer der beiden Mindestbieter ist.
A85: Fazit: 4 Bieter würden den Zuschlag erhalten. Die JDS möchte jedoch eine Standardisierung mit dieser Ausschreibung herbeiführen und sich ggf. auf 2 Systemlieferanten beschränken.
A88: 2. Ermittlung des wirtschaftlichsten Gesamtangebotes zur Reduzierung der Lieferanten
A89: Vorgehen zur Vergleichbarkeit:
A90: Bieter 2, 3 und 4 nehmen an der Ermittlung der wirtschaftlichsten Gesamtangebot teil.
A91: Zur Vergleichbarkeit wird bei in dem entsprechenden Los die höchste eingereichte Angebotssumme und die niedrigsten erreichten Leistungspunkte als Grundlage genommen.
A93: Gesamtpreis Netto (wertungsrelevant) | B93: Bieter 1 | C93: Bieter 2 | D93: Bieter 3 | E93: Bieter 4
A94: Los 1 | B94: =B5 -> 8200 | C94: =C5 -> 10000 | D94: =D5 -> 8350 | E94: =E5 -> 8290
A95: Los 2 | B95: =B6 -> 10150 | C95: =C6 -> 10500 | D95: =D6 -> 7250 | E95: =E6 -> 8750
A96: Los 3 | B96: =B7 -> 7150 | C96: =MAX(B96,D96,E96) -> 8500 | D96: =D7 -> 7300 | E96: =E7 -> 8500
A97: Los 4 | B97: =B8 -> 9500 | C97: =C8 -> 11300 | D97: =D8 -> 12100 | E97: =E8 -> 10750
A98: Angebotssumme Netto: | B98: =SUM(B94:B97) -> 35000 | C98: =SUM(C94:C97) -> 40300 | D98: =SUM(D94:D97) -> 35000 | E98: =SUM(E94:E97) -> 36290
A99: zusätzlicher Rabatt | B99: 0.1 | C99: 0.05 | D99: 0.02 | E99: 0.05
A100: Angebotssumme Netto abzgl. Rabatt (wertungsrelevant) | B100: =B98-(B98*B99) -> 31500 | C100: =C98-(C98*C99) -> 38285 | D100: =D98-(D98*D99) -> 34300 | E100: =E98-(E98*E99) -> 34475.5
A102: Gesamtpreis Netto Service und Nebenleistungen (wertungsrelevant) | B102: Bieter 1 | C102: Bieter 2 | D102: Bieter 3 | E102: Bieter 4
A103: Los 1 | B103: =B11 -> 570 | C103: =C11 -> 710 | D103: =D11 -> 640 | E103: =E11 -> 550
A104: Los 2 | B104: =B12 -> 570 | C104: =C12 -> 710 | D104: =D12 -> 670 | E104: =E12 -> 550
A105: Los 3 | B105: =B13 -> 630 | C105: =MAX(B105,D105,E105) -> 630 | D105: =D13 -> 630 | E105: =E13 -> 550
A106: Los 4 | B106: =B14 -> 450 | C106: =C14 -> 350 | D106: =D14 -> 400 | E106: =E14 -> 450
A107: Angebotssumme Netto Service und Nebenleistungen (wertungsrelevant) | B107: =SUM(B103:B106) -> 2220 | C107: =SUM(C103:C106) -> 2400 | D107: =SUM(D103:D106) -> 2340 | E107: =SUM(E103:E106) -> 2100
A109: Leistungspunkt aus Kriterienkatalog (wertungsrelevant) | B109: Bieter 1 | C109: Bieter 2 | D109: Bieter 3 | E109: Bieter 4
A110: Los 1 | B110: =B17 -> 480 | C110: =C17 -> 500 | D110: =D17 -> 500 | E110: =E17 -> 430
A111: Los 2 | B111: =B18 -> 400 | C111: =C18 -> 420 | D111: =D18 -> 470 | E111: =E18 -> 390
A112: Los 3 | B112: =B19 -> 390 | C112: =MIN(B112,D112,E112) -> 390 | D112: =D19 -> 460 | E112: =E19 -> 460
A113: Los 4 | B113: =B20 -> 420 | C113: =C20 -> 450 | D113: =D20 -> 480 | E113: =E20 -> 370
A114: Mittelwert Leistungspunkt (wertungsrelevant) | B114: =AVERAGE(B110:B113) -> 422.5 | C114: =AVERAGE(C110:C113) -> 440 | D114: =AVERAGE(D110:D113) -> 477.5 | E114: =AVERAGE(E110:E113) -> 412.5
...

Sheet Rezensionsbogen
A1: Zurück zum Inhaltsverzeichnis
A2: Teil IV
A3: Anwenderrezension
A4: für | B4: Rahmenvertrag über Lieferung, Aufstellung und Inbetriebnahme von Narkose- und Beatmungssystemen
A5: Vergabenummer | B5: 2026_JDS_05
A6: Losnummer
A8: Klinik
A9: Ansprechpartner
A11: Bieter
A12: Fabrikat/Typ
A14: Erwartungshaltung an das Kriterium
A16: lfd. Nr. | B16: Kriterium | C16: Bewertung Punktevergabe wie nachstehend aufgeführt | D16: Kommentar / Hinweis | E16: Gewichtung | F16: Bewertung Anwender (Punkte) | G16: max. erreichbare Punkte
A17: Bedienkonzept und Benutzerführung
A18: 1 | B18: Die Bedienoberfläche ist übersichtlich und intuitiv verständlich. | E18: 10 | F18: =E18*C18 -> 0 | G18: =E18*5 -> 50
A19: =+A18+1 -> 2 | B19: Die für den täglichen Betrieb relevanten Funktionen sind schnell auffindbar. | E19: 8 | F19: =E19*C19 -> 0 | G19: =E19*5 -> 40
A20: =+A19+1 -> 3 | B20: Die Bedienung über den Touchscreen ist präzise und sicher möglich. | E20: 8 | F20: =E20*C20 -> 0 | G20: =E20*5 -> 40
A21: =+A20+1 -> 4 | B21: Die zentrale Bedienung/Einstellung über den haptischen Druck-Drehknopf ist nachvollziehbar und praktisch. | E21: 8 | F21: =E21*C21 -> 0 | G21: =E21*5 -> 40
A22: =+A21+1 -> 5 | B22: Patienten- und Geräteeinstellungen können sicher und ohne unnötige Bedienschritte vorgenommen werden. | E22: 10 | F22: =E22*C22 -> 0 | G22: =E22*5 -> 50
A23: =+A22+1 -> 6 | B23: Konfigurierbare Bildschirmansichten unterstützen die unterschiedlichen Arbeitsabläufe. | E23: 8 | F23: =E23*C23 -> 0 | G23: =E23*5 -> 40
A24: =+A23+1 -> 7 | B24: Die integrierten kontextbezogenen Hilfefunktionen sind im praktischen Einsatz hilfreich. | E24: 6 | F24: =E24*C24 -> 0 | G24: =E24*5 -> 30
A25: Darstellung und Übersichtlichkeit
A26: =+A24+1 -> 8 | B26: Messwerte und Beatmungsparameter sind auf einen Blick gut erfassbar. | E26: 10 | F26: =E26*C26 -> 0 | G26: =E26*5 -> 50
A27: =+A26+1 -> 9 | B27: Kurven und Trends sind übersichtlich dargestellt. | E27: 8 | F27: =E27*C27 -> 0 | G27: =E27*5 -> 40
A28: =+A27+1 -> 10 | B28: Die Darstellung der Atemwegsdruck-, Flow-, CO₂- und sonstigen relevanten Kurven ist verständlich. | E28: 8 | F28: =E28*C28 -> 0 | G28: =E28*5 -> 40
A29: =+A28+1 -> 11 | B29: Loops und Referenzloops können im Arbeitsablauf sinnvoll genutzt werden. | E29: 6 | F29: =E29*C29 -> 0 | G29: =E29*5 -> 30
A30: =+A29+1 -> 12 | B30: Die Darstellung ist auch bei wechselnden Lichtverhältnissen gut ablesbar. | E30: 8 | F30: =E30*C30 -> 0 | G30: =E30*5 -> 40
A31: =+A30+1 -> 13 | B31: Die Tag-/Nachtdarstellung bzw. Dimmfunktion ist für den klinischen Alltag geeignet (nur bei Beatmungsgeräten) | E31: 6 | F31: =E31*C31 -> 0 | G31: =E31*5 -> 30
A32: Gerätecheck, Sicherheit und Alarmierung
A33: =+A31+1 -> 14 | B33: Der automatisierte Gerätecheck ist verständlich und im Arbeitsablauf praktikabel. | E33: 8 | F33: =E33*C33 -> 0 | G33: =E33*5 -> 40
A34: =+A33+1 -> 15 | B34: Erkannte Fehler bzw. Abweichungen werden eindeutig angezeigt. | E34: 8 | F34: =E34*C34 -> 0 | G34: =E34*5 -> 40
A35: =+A34+1 -> 16 | B35: Leckagen werden zuverlässig erkannt und verständlich angezeigt. | E35: 8 | F35: =E35*C35 -> 0 | G35: =E35*5 -> 40
A36: =+A35+1 -> 17 | B36: Alarmmeldungen sind hinsichtlich Priorität, Darstellung und akustischer Wahrnehmung eindeutig. | E36: 8 | F36: =E36*C36 -> 0 | G36: =E36*5 -> 40
A37: =+A36+1 -> 18 | B37: Alarmgrenzen lassen sich schnell und übersichtlich einstellen. | E37: 8 | F37: =E37*C37 -> 0 | G37: =E37*5 -> 40
A38: =+A37+1 -> 19 | B38: Die Klartextanzeigen im Alarmfall sind verständlich und unterstützen die sichere Reaktion. | E38: 8 | F38: =E38*C38 -> 0 | G38: =E38*5 -> 40
A39: =+A38+1 -> 20 | B39: Die Anzeige von Akkuladezustand und Restlaufzeit ist gut erkennbar. | E39: 6 | F39: =E39*C39 -> 0 | G39: =E39*5 -> 30
A40: Beatmung und klinische Anwendung
A41: =+A39+1 -> 21 | B41: Die Auswahl und Einstellung der Beatmungsverfahren ist übersichtlich. | E41: 10 | F41: =E41*C41 -> 0 | G41: =E41*5 -> 50
A42: =+A41+1 -> 22 | B42: Die Einstellung von Beatmungsparametern ist im klinischen Alltag einfach und sicher. | E42: 8 | F42: =E42*C42 -> 0 | G42: =E42*5 -> 40
A43: =+A42+1 -> 23 | B43: Die automatische Leckagekompensation ist für die praktische Anwendung hilfreich. | E43: 8 | F43: =E43*C43 -> 0 | G43: =E43*5 -> 40
A44: =+A43+1 -> 24 | B44: Die Apnoeventilation und Rückkehr in den vorherigen Beatmungsmodus sind nachvollziehbar. | E44: 8 | F44: =E44*C44 -> 0 | G44: =E44*5 -> 40
A45: =+A44+1 -> 25 | B45: Die NIV-Funktionen und das Alarmmanagement sind im praktischen Einsatz geeignet. | E45: 8 | F45: =E45*C45 -> 0 | G45: =E45*5 -> 40
A46: =+A45+1 -> 26 | B46: Die O₂-Flowtherapie / High-Flow-Therapie ist einfach einzustellen und zu überwachen. | E46: 6 | F46: =E46*C46 -> 0 | G46: =E46*5 -> 30
A47: =+A46+1 -> 27 | B47: Weaning-relevante Funktionen und Darstellungen sind verständlich und unterstützen den Anwender. | E47: 8 | F47: =E47*C47 -> 0 | G47: =E47*5 -> 40
A48: Ergonomie, Fahrgestell und Arbeitsplatzgestaltung
A49: =+A47+1 -> 28 | B49: Das Gerät lässt sich im Arbeitsbereich gut positionieren. | E49: 6 | F49: =E49*C49 -> 0 | G49: =E49*5 -> 30
A50: =+A49+1 -> 29 | B50: Das Fahrgestell lässt sich sicher und leicht manövrieren. | E50: 8 | F50: =E50*C50 -> 0 | G50: =E50*5 -> 40
A51: =+A50+1 -> 30 | B51: Die Rollen und Bremsen sind im täglichen Gebrauch praktikabel. | E51: 6 | F51: =E51*C51 -> 0 | G51: =E51*5 -> 30
A52: =+A51+1 -> 31 | B52: Normschienen und Ablage-/Befestigungsmöglichkeiten sind für den Arbeitsplatz sinnvoll angeordnet. | E52: 6 | F52: =E52*C52 -> 0 | G52: =E52*5 -> 30
A53: =+A52+1 -> 32 | B53: Die Bettankopplung ist praktisch und ermöglicht eine sichere mechanische Verbindung. | E53: 6 | F53: =E53*C53 -> 0 | G53: =E53*5 -> 30
A54: =+A53+1 -> 33 | B54: Die Anordnung von Display, Bedienelementen und Zubehör unterstützt einen ergonomischen Arbeitsplatz. | E54: 6 | F54: =E54*C54 -> 0 | G54: =E54*5 -> 30
A55: =+A54+1 -> 34 | B55: Die Geräuschentwicklung wird im klinischen Alltag als angemessen empfunden. | E55: 6 | F55: =E55*C55 -> 0 | G55: =E55*5 -> 30
A56: Ausfallsicherheit
A57: =+A55+1 -> 35 | B57: Die Energieversorgung bei z. B. Stromunterbrechnung ist über den Akku sichergestellt | E57: 10 | F57: =E57*C57 -> 0 | G57: =E57*5 -> 50
A58: =+A57+1 -> 36 | B58: Der aktuelle Akkuzustand ist während des Betriebs gut erkennbar. | E58: 6 | F58: =E58*C58 -> 0 | G58: =E58*5 -> 30
A59: =+A58+1 -> 37 | B59: Die Bedienung während Betrieb über Akku ist sicher und praktikabel | E59: 8 | F59: =E59*C59 -> 0 | G59: =E59*5 -> 40
A60: =+A59+1 -> 38 | B60: Die Gasversorgung bzw. Gasumschaltung im Notbetrieb ist nachvollziehbar. | E60: 8 | F60: =E60*C60 -> 0 | G60: =E60*5 -> 40
A61: Reinigung, Hygiene und Aufbereitung
A62: =+A60+1 -> 39 | B62: Die zugänglichen Geräteoberflächen lassen sich gut reinigen und desinfizieren. | E62: 8 | F62: =E62*C62 -> 0 | G62: =E62*5 -> 40
A63: =+A62+1 -> 40 | B63: Relevante Komponenten sind für die vorgesehene Reinigung gut erreichbar. | E63: 8 | F63: =E63*C63 -> 0 | G63: =E63*5 -> 40
A64: =+A63+1 -> 41 | B64: Die hygienischen Anforderungen lassen sich im täglichen Arbeitsablauf gut umsetzen. | E64: 8 | F64: =E64*C64 -> 0 | G64: =E64*5 -> 40
A65: Gesamteindruck
A66: =+A64+1 -> 42 | B66: Das Gerät unterstützt die Arbeitsabläufe auf der Station. | E66: 8 | F66: =E66*C66 -> 0 | G66: =E66*5 -> 40
A67: =+A66+1 -> 43 | B67: Das Bedienkonzept ist für unterschiedliche Anwendergruppen geeignet. | E67: 6 | F67: =E67*C67 -> 0 | G67: =E67*5 -> 30
A68: =+A67+1 -> 44 | B68: Das Gerät vermittelt einen sicheren und zuverlässigen Eindruck. | E68: 10 | F68: =E68*C68 -> 0 | G68: =E68*5 -> 50
A69: =+A68+1 -> 45 | B69: Das System ist aus Anwendersicht für den vorgesehenen Einsatzbereich geeignet. | E69: 8 | F69: =E69*C69 -> 0 | G69: =E69*5 -> 40
A70: Gesamtbewertung | G70: =SUM(G19:G69) -> 1680
A74: Datum | B74: Unterschrift Anwender
A76: Bewertung
A78: 5 Punkte
A79: Erhält ein Produkt, welches der konkret definierten Erwartungshaltung des Anwenders entspricht oder daraus hinausgeht. Es sind keine oder nur unwesentliche Einschränkungen in der Nutzbarkeit zu erwarten.
A81: 3 Punkte
A82: Erhält ein Produkt, welches nur mit Einschränkungen der konkret definierten Erwartungshaltung des Anwenders entspricht. Das Produkt erfüllt die Anforderungen befriedigend. Es sind Einschränkungen in der Nutzbarkeit zu erwarten, die jedoch im Ganzen keine erhebliche Bedeutung haben.
A84: 1 Punkt
A85: Erhält ein Produkt, welches der konkret definierten Erwartungshaltung des Anwenders nur in Ansätzen entspricht. Das Produkt erfüllt die Anforderungen ausreichend. Es sind erhebliche Einschränkungen in der Nutzbarkeit zu erwarten. Die Nutzbarkeit des Produktes ist im Ganzen gerade noch gegeben.
A87: Gewichtung des Kriterium
A88: Das wichtiger Kriterium erhält eine höhere Anzahl an Punkten, als ein Kriterium, welches eine nicht so große Bedeutung zugewiesen wird.
A90: ggf. Bemerkungen
A97: Vorgestellt wird ausschließlich das angebotene System. Alle weiteren Produkte/Optionen die während der Rezension präsentiert und vorgestellt werden, sind automatisch Bestandteile des abgegebenen Angebotes (Gesamtpreis). Der entsprechende Hinweis ist vom Anwender im Bemerkungsfeld einzutragen. Nebenabsprachen führen zum sofortigen Ausschluß des Bieters.
A98: Wenn mind. 2 Wertungskriterien mit „0 Punkten“ von dem Anwender bewertet werden, wird der Bieter mit dem Produkt aus dem weiteren Vergabeverfahren ausgeschlossen, da die produktspezifischen Mindestbedingungen als nicht erfüllt bewertet werden und das Produkt somit als ungeeignet gilt.
A99: Bieten mehrere Bieter das gleiche Produkt eines Herstellers an, wird der preisgünstigste Bieter zur Hauspräsentation aufgefordert. Die anderen Bieter mit dem gleichen Produkt erhalten die identische Punktzahl. Der Auftraggeber behält sich vor einzelne Bieter nicht zur Hauspräsentation aufzufordern, wenn das angebotene Produkt beim Auftraggeber bereits aktuell verwendet wird oder bekannt ist. Die Bewertung erfolgt in diesen Fällen ebenfalls anhand der vorgegebenen Testprotokolle.
